AoeStats
← BenJames

Arena

506566335Analyzed
3v3 RM · 17d ago on Sep 14, 2026· 59m 19s· 6 players
Game mode
Random Map
Map size
Normal (6 player)
Population
200
Speed
Normal
Resources
Standard
Victory
Conquest
Starting age
Dark Age
Ending age
Imperial Age
RankedLock teamsTeams togetherTeam positionsShared explorationLock speedFull tech treeHidden civsTurbo modeCheats
Victory
Defeat
🇺🇸 Ethiopians · United States
1205
+13
🇺🇸 Muisca · United States
1179
+14
🇺🇸 Cumans · United States
1081
+17
🇨🇱 Malay · Chile
1184
-17
🇨🇴 Malians · Colombia
1133
-15
🇦🇷 Turks · Argentina
1052
-12
tankynibbs
10:35 Feudal Age
14:13 Castle Age
12:01 Horse Collar
12:31 Double-Bit Axe
15:34 Bow Saw
15:53 Heavy Plow
16:55 Loom
19:55 Wheelbarrow
20:00 Town Watch
20:28 Gold Mining
22:04 Hand Cart
26:59 Imperial Age
25:01 Fletching
25:55 Ballistics
25:50 Bodkin Arrow
25:55 Padded Archer Armor
25:52 Stone Mining
25:48 Crossbowman
26:51 Thumb Ring
28:43 Chemistry
27:50 Bracer
28:42 Leather Archer Armor
29:02 Leather Archer Armor
29:16 Arbalester
31:32 Two-Man Saw
31:33 Conscription
32:47 Coinage
32:53 Ring Archer Armor
34:06 Forging
34:30 Scale Mail Armor
35:51 Iron Casting
36:22 Chain Mail Armor
37:49 Gold Shaft Mining
38:23 Blast Furnace
39:43 Plate Mail Armor
40:23 Squires
41:27 Halberdier
42:55 Banking
46:09 Siege Engineers
54:07 Caravan
Reyk
11:27 Feudal Age
16:28 Castle Age
14:38 Double-Bit Axe
15:43 Horse Collar
18:42 Bow Saw
18:42 Heavy Plow
23:51 Fletching
24:02 Padded Archer Armor
25:17 Thumb Ring
27:11 Loom
29:16 Town Watch
33:30 Forging
33:21 Scale Mail Armor
33:18 Bodkin Arrow
34:49 Wheelbarrow
34:49 Redemption
39:27 Imperial Age
37:46 Gold Mining
37:50 Stone Mining
39:26 Ballistics
41:54 Two-Man Saw
41:53 Bracer
42:38 Conscription
44:19 Leather Archer Armor
45:03 Hand Cart
45:26 Crop Rotation
45:34 Gold Shaft Mining
47:15 Town Patrol
46:47 Elite Temple Guard
47:28 Squires
49:08 Chemistry
50:41 Forging
50:31 Scale Mail Armor
53:29 Iron Casting
53:10 Chain Mail Armor
56:16 Stone Shaft Mining
DrBusterBluth
10:16 Feudal Age
11:05 Double-Bit Axe
12:55 Horse Collar
20:51 Castle Age
19:31 Stone Mining
19:35 Gold Mining
24:10 Scale Barding Armor
24:16 Forging
24:38 Bloodlines
25:59 Chain Barding Armor
26:21 Bow Saw
28:43 Iron Casting
28:52 Heavy Plow
30:27 Wheelbarrow
30:04 Town Watch
35:50 Imperial Age
34:44 Hand Cart
34:35 Stone Mining
35:21 Gold Shaft Mining
37:30 Crop Rotation
38:12 Plate Barding Armor
39:03 Blast Furnace
37:55 Elite Steppe Lancer
39:26 Conscription
40:51 Fletching
42:41 Masonry
42:18 Loom
43:46 Two-Man Saw
45:01 Bodkin Arrow
46:19 Steppe Husbandry
51:28 Scale Mail Armor
51:30 Murder Holes
51:49 Cuman Mercenaries
52:56 Padded Archer Armor
54:54 Ballistics
56:35 Leather Archer Armor
57:30 Chain Mail Armor
57:44 Caravan
59:23 Chemistry
hernansl
9:40 Feudal Age
17:30 Castle Age
15:58 Double-Bit Axe
16:05 Gold Mining
16:10 Horse Collar
23:36 Imperial Age
22:29 Heavy Plow
22:39 Bow Saw
25:31 Forging
25:14 Fletching
27:29 Padded Archer Armor
28:07 Gold Shaft Mining
30:30 Iron Casting
30:33 Wheelbarrow
30:22 Bloodlines
30:13 Husbandry
31:43 Bodkin Arrow
34:16 Leather Archer Armor
36:47 Blast Furnace
40:13 Scale Barding Armor
43:16 Chain Barding Armor
43:24 Bracer
45:23 Plate Barding Armor
45:30 Ballistics
51:11 Stone Mining
52:27 Conscription
54:49 Ring Archer Armor
57:57 Hand Cart
58:19 Fortified Wall
BenJames
11:30 Feudal Age
12:46 Loom
15:18 Castle Age
13:18 Double-Bit Axe
16:12 Horse Collar
16:43 Bow Saw
19:00 Squires
19:02 Scale Mail Armor
25:43 Wheelbarrow
26:47 Chain Mail Armor
27:57 Forging
28:08 Hand Cart
28:04 Heavy Plow
29:30 Bloodlines
29:21 Husbandry
31:06 Iron Casting
35:10 Imperial Age
33:37 Scale Barding Armor
33:50 Gold Mining
35:17 Heavy Camel Rider
37:00 Conscription
38:12 Elite Gbeto
38:56 Farimba
39:42 Chain Barding Armor
39:22 Light Cavalry
41:10 Gold Shaft Mining
43:03 Plate Barding Armor
52:44 Man-at-Arms
53:56 Plate Mail Armor
54:29 Long Swordsman
55:26 Two-Handed Swordsman
56:27 Champion
57:52 Champion
gon.huck
11:26 Feudal Age
15:10 Castle Age
13:43 Double-Bit Axe
14:04 Horse Collar
16:00 Heavy Plow
16:28 Bow Saw
29:19 Imperial Age
26:35 Town Watch
27:06 Fletching
28:04 Thumb Ring
27:22 Crossbowman
29:17 Wheelbarrow
28:51 Elite Battle Elephant
29:57 Scale Barding Armor
30:36 Conscription
30:59 Crop Rotation
31:04 Forging
32:25 Iron Casting
31:55 Husbandry
32:04 Arbalester
34:42 Bodkin Arrow
34:09 Light Cavalry
36:23 Padded Archer Armor
36:08 Elite Skirmisher
37:39 Leather Archer Armor
37:25 Bracer
38:41 Hand Cart
39:28 Ring Archer Armor
39:37 Ballistics
40:18 Chemistry
43:35 Loom
43:50 Town Patrol
52:40 Blast Furnace
53:10 Masonry
Connection lost

Rejoining the realm…

Still unreachable

The connection could not be restored.

Session expired

The server has moved on; the page needs a fresh start.